 Dungeon Crawl Stone Soup version 0.28.0-53-g5a82cb258f (webtiles) character file.

Game seed: 13109380339300903053

51 firemarshallily the Chopper (level 3, -1/33 HPs)
             Began as a Naga Gladiator on June 11, 2022.
             Slain by a gnoll
             ... wielding a +0 flail
              (4 damage)
             ... on level 2 of the Dungeon.
             The game lasted 00:06:18 (1452 turns).

firemarshallily the Chopper (Naga Gladiator)        Turns: 1452, Time: 00:06:19

Health: -1/33      AC:  3    Str: 18    XL:     3   Next: 83%
Magic:  3/3        EV: 10    Int:  8    God:
Gold:   86         SH:  0    Dex: 12    Spells: 2/2 levels left

rFire   . . .      SeeInvis +   k - +0 hand axe
rCold   . . .      Faith    .   (no shield)
rNeg    . . .      Spirit   .   b - +0 leather armour
rPois   +          Reflect  .   c - +0 helmet
rElec   .          Harm     .   (no cloak)
rCorr   .          Rampage  .   (no gloves)
Will    .....                   (no barding)
Stlth   +.........              (no amulet)
HPRegen 0.11/turn               g - ring of wizardry
MPRegen 0.08/turn               m - ring of flight

@: flying, very slow
A: AC +1, large, see invisible, deformed body, poison resistance, slowness 2,
spit poison 1, naga tail 1
a: Spit Poison


You were on level 2 of the Dungeon.
You visited 1 branch of the dungeon, and saw 2 of its levels.

You collected 86 gold pieces.

Inventory:

Hand Weapons
 a - a +0 war axe
 k - a +0 hand axe (weapon)
Missiles
 d - 4 throwing nets
 i - 35 stones
Armour
 b - a +0 leather armour (worn)
 c - a +0 helmet (worn)
Jewellery
 f - an amulet of faith
 g - a ring of wizardry (left hand)
 m - a ring of flight (right hand)
Potions
 e - 2 potions of lignification
 h - 3 potions of heal wounds
 j - 2 potions of haste {unknown}
 l - a potion of curing {unknown}


   Skills:
 * Level 2.9 Fighting
 * Level 3.7 Axes
 - Level 2.0 Throwing
 - Level 2.4 Dodging
 + Level 1.5 Stealth


You had 2 spell levels left.
You didn't know any spells.
Your spell library contained the following spells:

 Spells                   Type           Power      Damage    Failure   Level
 Call Canine Familiar     Summ           0%         N/A       50%         3
 Portal Projectile        Hex/Tloc       0%         N/A       50%         3
 Leda's Liquefaction      Hex/Erth       0%         N/A       87%         4


Dungeon Overview and Level Annotations

Branches:
Dungeon (2/15)

Altars:


Innate Abilities, Weirdness & Mutations

Your serpentine skin is tough. (AC +1)
You have supernaturally acute eyesight. (SInv)
Armour fits poorly on your strangely shaped body.
Your system is resistant to poisons. (rPois)
You cover ground very slowly.
You can spit poison.
You have a snake-like lower body.


Message History

You hit the gnoll but do no damage.
The gnoll is heavily wounded.
The gnoll hits you with a +0 flail.
* * * LOW HITPOINT WARNING * * *
You hit the gnoll.
The gnoll is almost dead.
The gnoll hits you with a +0 flail.
* * * LOW HITPOINT WARNING * * *
It was a potion of heal wounds.
You feel much better. The gnoll hits you with a +0 flail.
You hit the gnoll.
You kill the gnoll!
You have got your breath back.
You start resting.
A gnoll is nearby!
The gnoll shouts!
Aiming: Spit Poison (2% risk of failure)
Press: ? - help, Q - select action, (/) - cycle Shift-Dir - straight line, f - gnoll
Aim: a gnoll, wielding a +0 flail (65% to hit)
The splash of poison hits the gnoll.
The gnoll is poisoned.
The gnoll is moderately wounded.
You hit the gnoll.
The gnoll is severely wounded.
You have got your breath back.
The gnoll barely misses you.
You hit the gnoll but do no damage.
The gnoll is severely wounded.
The gnoll hits you with a +0 flail!
You hit the gnoll but do no damage.
The gnoll is severely wounded.
The gnoll hits you with a +0 flail.
You closely miss the gnoll.
The gnoll is severely wounded.
The gnoll looks more healthy.
The gnoll hits you with a +0 flail!
* * * LOW HITPOINT WARNING * * *
Okay, then.
You hit the gnoll but do no damage.
The gnoll is almost dead.
The gnoll hits you with a +0 flail.
You die...

#>#########.........†..<..#
..# #...........(...# ####
#...............+ ...#
#......###......#
##.#############.#
####+#... ...........# #.#
.### .#.#######.# #.# .#
.#.# #.# #g# .# .#.# #.#
#@# .#.# #.# #.# .#.# #.#
#.# .#.# #.# #.# .#.# #.#
#.# .# #.#####.# .#
#.......# #.......####
#..........#


You could see a gnoll.

Vanquished Creatures
  2 gnolls
  A dart slug (D:1)
  3 ball pythons (D:1)
  2 endoplasms (D:1)
  2 goblins
  5 hobgoblins
  4 jackals (D:1)
  A quokka (D:2)
  2 bats
  A frilled lizard (D:1)
  3 kobolds
  2 rats (D:1)
28 creatures vanquished.

Notes
Turn   | Place    | Note
-------+----------+-------------------------------------------
     0 | D:1      | firemarshallily the Naga Gladiator began the quest for the
                  | Orb.
     0 | D:1      | Reached XP level 1. HP: 19/19 MP: 1/1
   225 | D:1      | Reached XP level 2. HP: 22/26 MP: 2/2
   763 | D:1      | Reached XP level 3. HP: 30/33 MP: 3/3
   848 | D:1      | Found a faded altar of an unknown god.
  1000 | D:2      | Reached skill level 1 in Stealth
  1429 | D:2      | HP: 1/33 [gnoll/+0 flail (6)]
  1452 | D:2      | Slain by a gnoll

Illustrated notes

Levels and vault maps discovered:
D:1:      ncdulo_watergridlock, layout_rooms, dreamdust_ecumenical_altar_grove,
          hex_tiny
D:2:      layout_basic, uniq_sigmund, uniq_robin, uniq_crazy_yiuf_cottage

Skill      XL: |  1  2  3 |
---------------+----------+-----
Throwing       | 2 |  2.0
Stealth        | 1 |  1.5
Fighting       | |  2.9
Axes           | |  3.7
Dodging        | |  2.4

Action                   || total
-------------------------++-------
Melee: War axe           ||    35
       Hand axe          ||    53
 Abil: Spit Poison       ||    17
  Use: Scroll            ||     1
       Potion            ||     1
Armor: Leather armour    ||    36
Dodge: Dodged            ||    53
